Map: Tours du crépuscule

Players

kobye - Winner!

  • Race: Terran Terran
  • League: Silver
  • Spawn Location: 7:00

zidar

  • Race: Zerg Zerg
  • League: Silver
  • Spawn Location: 1:00

VOD

Have the link to the VOD?

Description

Time

  • Played on: Jan. 14, 2016, 1:45 p.m.
  • Length: 12:09
Show
View Real Time Build Order
Export as new Build Order

kobye Terran - Winner!

Build Orders:  

Get SALT Encoding   

  12  0:01  SCV  
  13  0:19  Supply Depot  
  13  0:25  SCV  
  14  0:29  Refinery  
  14  0:39  SCV  
  15  0:45  Barracks  
  15  1:03  SCV  
  16  1:07  Barracks  
  16  1:16  SCV  
  17  1:30  Barracks, SCV  
  18  1:34  Reaper  
  19  1:45  Supply Depot  
  19  1:50  SCV  
  20  1:55  Reaper  
  21  2:03  SCV  
  22  2:09  Refinery  
  22  2:13  Reaper  
  23  2:17  SCV  
  23  2:19  Reaper  
  25  2:29  SCV  
  26  2:35  Reaper  
  27  2:45  Orbital Command  
  27  2:52  Reaper  
  27  2:54  Reaper  
  29  3:15  SCV  
  29  3:18  Command Center  
  29  3:19  Reaper  
  31  3:32  Supply Depot  
  31  3:53  Reaper x2, SCV  
  29  4:37  Marine x3  
  32  4:54  Factory  
  32  4:55  Marine x2  
  32  4:57  Barracks Tech Lab  
  34  5:01  Engineering Bay  
  34  5:02  Orbital Command  
  34  5:05  Refinery  
  34  5:07  SCV  
  34  5:13  Barracks Tech Lab  
  35  5:19  SCV  
  36  5:22  Barracks Reactor  
  36  5:27  Engineering Bay  
  36  5:30  Stimpack  
  36  5:31  Combat Shield  
  36  5:34  Marauder x2  
  40  5:37  Terran Infantry Weapons Level 1  
  40  5:38  SCV  
  41  5:46  Starport  
  41  5:47  Factory Tech Lab  
  41  5:49  Supply Depot  
  41  5:53  SCV x2  
  41  5:54  Marine x2  
  45  5:59  Terran Infantry Armor Level 1  
  45  6:02  Marine x2, Armory  
  47  6:05  SCV x2  
  49  6:12  Marine, Supply Depot  
  52  6:18  Marauder  
  52  6:20  Marine x2  
  52  6:23  Liberator, Siege Tank  
  57  6:27  SCV  
  57  6:30  SCV  
  57  6:31  Marauder  
  63  7:06  Marine x2, Marauder x2  
  69  7:12  SCV  
  70  7:18  Refinery  
  70  7:20  Concussive Shells  
  70  7:37  Supply Depot  
  70  7:39  Missile Turret  
  70  7:50  Missile Turret  
  70  7:52  Terran Infantry Weapons Level 2  
  70  7:58  Marine x2, Medivac  
  70  7:59  SCV, Siege Tank  
  70  8:00  Supply Depot  
  78  8:21  Marine x2, SCV  
  78  8:22  Marauder x2  
  78  8:23  Supply Depot  
  85  8:39  Marine  
  86  8:44  Marine, Siege Tank  
  86  8:45  Marauder x2  
  94  9:17  Command Center  
  94  9:42  Supply Depot  
  94  10:03  Marine, Siege Tank  
  94  10:04  Marauder x2  
  94  10:05  Supply Depot  
  102  10:27  Marauder x2, SCV, Medivac  
  109  10:29  Supply Depot  
  109  10:35  Siege Tank  
  109  10:40  Liberator  
  112  10:44  Armory  
  112  10:49  Marauder x2  
  116  10:51  Supply Depot  
  119  11:10  Marauder x2  
  123  11:14  Supply Depot  
  123  11:31  Marauder  
  123  11:32  Marauder  
Show
View Real Time Build Order
Export as new Build Order

zidar Zerg 

Build Orders: Hatch First 

Get SALT Encoding   

  12  0:02  Drone  
  13  0:08  Drone  
  13  0:13  Extractor  
  13  0:18  Overlord  
  14  0:28  Overlord  
  14  0:31  Extractor  
  14  0:32  Drone  
  14  0:40  Drone  
  16  1:02  Drone  
  17  1:04  Hatchery  
  17  1:08  Extractor, Drone  
  16  1:18  Drone  
  16  1:24  Drone  
  18  1:32  Spawning Pool  
  17  1:36  Drone  
  18  1:40  Drone  
  19  1:52  Drone  
  20  1:57  Extractor  
  19  2:09  Drone  
  19  2:20  Queen  
  19  2:21  Queen  
  23  2:23  Drone  
  23  2:26  Drone  
  23  2:28  Drone  
  26  2:34  Metabolic Boost  
  26  2:40  Drone  
  26  2:42  Drone  
  28  3:02  Roach Warren  
  27  3:06  Lair  
  27  3:13  Drone x5  
  32  3:20  Extractor  
  32  3:24  Extractor, Drone  
  31  3:31  Zergling x4  
  33  3:34  Overlord  
  33  3:55  Roach x5  
  40  3:57  Roach  
  36  4:09  Roach  
  32  4:42  Queen  
  32  4:44  Roach  
  32  4:45  Roach  
  38  5:15  Overlord  
  38  5:16  Overlord  
  38  5:38  Roach  
  38  5:39  Roach x2  
  44  5:45  Drone  
  44  5:49  Drone  
  46  5:54  Drone  
  47  6:01  Drone  
  48  6:05  Drone  
  48  6:09  Drone  
  50  6:21  Drone x2  
  50  6:24  Overlord  
  52  6:45  Drone x7  
  59  7:25  Drone  
  59  7:29  Overlord  
  60  7:30  Overlord x2  
  60  7:40  Hatchery  
  59  8:08  Evolution Chamber  
  59  8:11  Evolution Chamber, Drone x7  
  64  8:18  Overlord x2  
  64  8:19  Queen  
  64  8:20  Queen  
  63  8:30  Ravager  
  63  8:31  Ravager x2  
  58  8:51  Drone x7  
  64  10:01  Drone x9  
  73  10:10  Zerg Melee Weapons Level 1  
  73  10:14  Infestation Pit  
  73  10:20  Drone  
  73  10:21  Drone x10  
  83  10:38  Drone x2  
  83  10:39  Drone x4  
  87  11:01  Roach x8  
  104  11:05  Zergling x2  
  104  11:06  Zergling x2  
  104  11:08  Overlord x2  
  88  11:31  Zergling x6  
  88  11:32  Zergling x10  
Tags
 
Add a new tag
Caveats
  • Supply blocks, unpowered buildings, or Contaminate may cause inaccurate times.
  • Supply counts are checked every 10 seconds.